Map: Moonlight Madness LE (Void)

Players

Toons - Winner!

  • Race: Zerg Zerg
  • League: Silver

VOD

Have the link to the VOD?

Description

Time

  • Played on: Aug. 5, 2015, 4:08 a.m.
  • Length: 13:12
Show
View Real Time Build Order
Export as new Build Order

Toons Zerg - Winner!

Build Orders: Hatch First 

Get SALT Encoding   

  12  0:02  Drone  
  12  0:11  Drone  
  12  0:16  Overlord  
  12  0:42  Hatchery  
  12  0:49  Drone  
  12  0:57  Drone  
  12  0:58  Drone  
  12  1:00  Extractor  
  12  1:03  Drone  
  12  1:17  Spawning Pool  
  12  1:20  Drone  
  12  1:28  Drone  
  12  1:34  Drone  
  12  1:44  Drone  
  12  1:55  Drone x2  
  12  2:05  Overlord  
  12  2:07  Queen  
  12  2:10  Queen  
  12  2:13  Zergling x2  
  12  2:19  Metabolic Boost  
  12  2:24  Drone  
  12  2:26  Drone  
  12  2:29  Drone  
  12  2:31  Drone  
  12  2:39  Drone, Extractor  
  12  2:41  Drone  
  12  2:52  Drone x2  
  12  2:56  Lair  
  12  3:05  Overlord  
  12  3:13  Drone x3  
  12  3:19  Roach Warren  
  12  3:24  Drone x4  
  12  3:27  Drone  
  12  3:29  Drone  
  12  3:31  Drone  
  12  3:34  Drone  
  12  3:36  Drone  
  12  3:41  Overlord  
  12  3:47  Evolution Chamber  
  12  3:54  Overlord  
  12  3:57  Extractor  
  12  4:00  Spore Crawler  
  12  4:01  Spore Crawler  
  12  4:02  Drone  
  12  4:03  Drone x4  
  12  4:08  Glial Reconstitution  
  12  4:20  Drone x6  
  12  4:24  Zerg Melee Weapons Level 1  
  12  4:34  Extractor  
  12  4:41  Drone x5  
  12  4:45  Overlord  
  12  4:53  Infestation Pit  
  12  4:57  Overlord  
  12  4:58  Drone x4  
  12  5:00  Drone  
  12  5:03  Hatchery, Drone  
  12  5:04  Drone  
  12  5:07  Roach  
  12  5:08  Drone  
  12  5:09  Drone  
  12  5:22  Drone x2  
  12  5:23  Drone x2  
  12  5:31  Tunneling Claws  
  12  5:40  Drone x4  
  12  5:41  Drone x2, Overlord  
  12  5:54  Hive  
  12  5:59  Spire  
  12  6:03  Drone x8  
  12  6:04  Drone x3  
  12  6:19  Zerg Melee Weapons Level 2  
  12  6:25  Evolution Chamber  
  12  6:33  Queen  
  12  6:35  Extractor  
  12  6:36  Extractor  
  12  6:45  Hatchery  
  12  7:00  Zerg Missile Weapons Level 1  
  12  7:16  Zerg Flyer Weapons Level 1  
  12  7:17  Pneumatized Carapace  
  12  7:21  Overlord  
  12  7:23  Mutalisk x4  
  12  7:26  Overlord x2  
  12  7:54  Mutalisk x11  
  12  7:56  Zergling x2  
  12  7:57  Zergling x14  
  12  7:59  Overlord x11  
  12  8:21  Extractor  
  12  8:22  Queen  
  12  8:24  Extractor  
  12  8:46  Mutalisk  
  12  8:47  Mutalisk x8  
  12  8:49  Zergling x2  
  12  8:50  Zergling x4  
  12  8:59  Mutalisk x2  
  12  9:14  Overseer  
  12  9:53  Mutalisk x11  
  12  9:56  Zergling x26  
  12  10:04  Zerg Flyer Weapons Level 2  
  12  10:07  Zerg Ground Armor Level 1  
  12  10:36  Mutalisk x6  
  12  10:37  Zergling x2  
  12  10:38  Zergling x14  
  12  10:40  Overlord x4  
  12  10:41  Hatchery, Overlord  
  12  10:43  Adrenal Glands  
  12  11:25  Extractor  
  12  11:27  Extractor  
  12  11:56  Zergling x4  
  12  11:57  Zergling x2  
  12  12:08  Ultralisk Cavern  
  12  12:11  Hydralisk Den  
Tags
 
Add a new tag
Caveats
  • Supply blocks, unpowered buildings, or Contaminate may cause inaccurate times.
  • Supply counts are checked every 10 seconds.